 Dungeon Crawl Stone Soup version 0.31-a0-460-g9e667d4245 (webtiles) character file.

Game seed: 1564723254332321399

630 Gelion the Changeling (level 7, -2/47 HPs)
             Began as an Octopode Shapeshifter on Aug 5, 2023.
             Engulfed by a steam dragon's steam (9 damage)
             ... on level 5 of the Dungeon.
             The game lasted 00:04:22 (3679 turns).

Gelion the Changeling (Octopode Shapeshifter)       Turns: 3679, Time: 00:04:23

Health: -2/47      AC:  1    Str: 15    XL:     7   Next: 48%
Magic:  7/7        EV: 18    Int: 12    God:
Gold:   324        SH:  0    Dex: 14    Spells: 6/6 levels left

rFire   . .          .
                       - Unarmed
rCold   . . .        (no shield)
rNeg    . . .        (helmet currently unavailable)
rPois   .            l - amulet "Daptyt" {Acrobat Int+2}
rElec   .            e - +5 ring of evasion
rCorr   .            (no ring)
SInv    .            (no ring)
Will    .....        (no ring)
Stlth   ++           (no ring)
HPRegen 0.27/turn    (no ring)
MPRegen 0.10/turn    (no ring)
                     (no ring)

%: acrobat
@: beast-form
A: beast (slay +3), almost no armour, amphibious, 8 rings, camouflage 1,
gelatinous body 1, (nimble swimmer 1), tentacles
a: Begin Untransformation


You were on level 5 of the Dungeon.
You were a hulking beast.
You visited 1 branch of the dungeon, and saw 5 of its levels.

You collected 324 gold pieces.

Inventory:

Armour
 j - the +0 buckler of Heresy {rElec Dex+2 Stlth+}
   (You found it on level 3 of the Dungeon)

   Dex:       It affects your dexterity (+2).
   rElec:     It insulates you from electricity.
   Stlth:     It makes you more stealthy.
Jewellery
 e - a +5 ring of evasion (left tentacle)
 l - the amulet "Daptyt" (around mantle) {Acrobat Int+2}
   (You found it on level 4 of the Dungeon)

   [amulet of the acrobat]

   It increases your evasion while moving and waiting.
   Int:       It affects your intelligence (+2).
Talismans
 b - a beast talisman (active)
Scrolls
 a - a scroll of vulnerability {unknown}
 c - 8 scrolls of identify
 d - 3 scrolls of teleportation
 g - a scroll of poison
 k - a scroll of amnesia
Potions
 f - a potion of heal wounds
 h - 3 potions of curing
 i - a potion of brilliance
 m - a potion of enlightenment {unknown}


   Skills:
 + Level 3.9 Fighting
 - Level 2.0 Dodging
 + Level 4.9 Unarmed Combat
 * Level 5.5 Shapeshifting


You had 6 spell levels left.
You didn't know any spells.
Your spell library contained the following spells:

 Spells                   Type           Power      Damage    Failure   Level
 Apportation              Tloc           0%         N/A       32%         1
 Necrotise                Necr           0%         1d4       32%         1
 Summon Small Mammal      Summ           0%         N/A       32%         1
 Vhi's Electric Charge    Tloc/Air       0%         N/A       69%         3
 Arcjolt                  Conj/Air       0%         1d10      100%        5
 Maxwell's Capacitive Co  Air            0%         ∞         100%        8


Dungeon Overview and Level Annotations

Branches:
Dungeon (5/15)
 Temple: D:4-7

Altars:
Yredelemnul

Annotations:
D:5 Menkaure


Innate Abilities, Weirdness & Mutations

You are a hulking beast.
Your limbs bulge with bestial killing power. (Slay +3)
You cannot wear most types of armour.
You are amphibious.
You can wear up to eight rings at the same time.
Your skin changes colour to match your surroundings (Stealth+).
Your rubbery body absorbs attacks. (AC +1, EV +1)
((You are camouflaged when in or above water. (Stealth+)))
You have tentacles for arms and can constrict up to eight enemies at once.


Message History

The black bear goes berserk!
You bludgeon the black bear!
You kill the black bear!
No target in view!
HP restored.
A steam dragon comes into view.
A steam dragon is nearby!
The helpless steam dragon fails to defend itself.
You tentacle-slap the steam dragon.
The steam dragon is lightly wounded.
The steam dragon closely misses you. x2
You bludgeon the steam dragon!
The steam dragon is heavily wounded.
The steam dragon breathes steam at you. The ball of steam misses you.
You hear a shout! x2
You closely miss the steam dragon.
The steam dragon is heavily wounded.
You are engulfed in a cloud of scalding steam.
The steam dragon barely misses you. The steam dragon misses you.
A phantom comes into view.
You tentacle-slap the steam dragon.
The steam dragon is severely wounded.
You are engulfed in a cloud of scalding steam.
A gnoll comes into view. It is wielding a +0 flail.
The steam dragon bites you! The steam dragon barely misses you.
You are too injured to fight recklessly!
The steam dragon completely misses you. x2
You tentacle-slap the steam dragon.
The steam dragon is almost dead.
Menkaure, Prince of Dust comes into view.
The steam dragon breathes steam at you. The ball of steam hits you!
* * * LOW HITPOINT WARNING * * *
You hear a shout!
You tentacle-slap the steam dragon but do no damage.
Your squeeze misses the steam dragon.
The steam dragon is almost dead.
You are engulfed in a cloud of scalding steam.
You die...

.#.#.#.# #.#
........ ..#
#.# .....#..
..# #.# ...###
# #.# #.#
...... #.###.#
#.# ##.....
g....# #.#
...... . .W§#
#.# ......
....###§###.##
......
M......h§....#
..#.###D###..#
#.# #..# #.#
#..# #.# #..#
#.. .... ..#
#..## #.# ..#


You could see a steam dragon (catching breath), a phantom and Menkaure.

Vanquished Creatures
  A black bear (D:5)
  2 ogres (D:4)
  A phantom (D:4)
  2 orc priests (D:4)
  A jelly (D:4)
  A gnoll bouda (D:4)
  An iguana (D:4)
  3 gnolls (D:4)
  5 adders
  5 worms
  2 dart slugs
  4 orcs
  6 ball pythons
  3 endoplasms
  2 giant cockroaches
  6 goblins
  7 hobgoblins
  3 jackals (D:1)
  4 quokkas
  2 bats
  5 frilled lizards
  7 kobolds
  5 rats
78 creatures vanquished.

Notes
Turn   | Place    | Note
-------+----------+-------------------------------------------
     0 | D:1      | Gelion the Octopode Shapeshifter began the quest for the
                  | Orb.
     0 | D:1      | Reached XP level 1. HP: 13/13 MP: 1/1
   156 | D:1      | Reached XP level 2. HP: 9/18 MP: 2/2
   972 | D:2      | Reached XP level 3. HP: 23/23 MP: 3/3
  1459 | D:2      | Reached XP level 4. HP: 17/29 MP: 4/4
  1505 | D:2      | Found a basalt altar of Yredelemnul.
  1795 | D:3      | Identified the +0 buckler of Heresy {rElec Dex+2 Stlth+}
  2434 | D:4      | Reached skill level 4 in Shapeshifting
  2478 | D:4      | Noticed an ogre
  2480 | D:4      | Noticed a phantom
  2500 | D:4      | Killed an ogre
  2501 | D:4      | Reached XP level 5. HP: 31/35 MP: 5/5
  2506 | D:4      | Killed a phantom
  2507 | D:4      | Reached XP level 6. HP: 40/42 MP: 6/6
  2608 | D:4      | Identified the amulet "Daptyt" {Acrobat Int+2}
  2901 | D:4      | Reached skill level 5 in Shapeshifting
  2938 | D:4      | Reached XP level 7. HP: 12/46 MP: 7/7
  3573 | D:5      | Entered Level 5 of the Dungeon
  3669 | D:5      | Noticed a steam dragon
  3678 | D:5      | Noticed Menkaure
  3679 | D:5      | Engulfed by a steam dragon's steam

Illustrated notes

Levels and vault maps discovered:
D:1:      minmay_arrival_four_circles, layout_loops_corners,
          kennysheep_another_room
D:2:      layout_rooms, basic_altar, minmay_increasing_density
D:3:      layout_basic
D:4:      layout_loops_ring
D:5:      layout_basic, lemuel_temple_firewalk_a, uniq_menkaure

Skill      XL: |  1  2  3  4  5  6 |
---------------+-------------------+-----
Fighting       | 2 3 |  3.9
Shapeshifting  | 4 5 |  5.5
Unarmed Combat | 4 |  4.9
Dodging        | |  2.0

Action                     |  1- 3 |  4- 6 |  7- 9 || total
---------------------------+-------+-------+-------++-------
  Melee: Unarmed           |    56 |    75 |    24 ||   155
         Constrict         |    16 |    21 |     5 ||    42
         Tentacles         |    11 |    14 |     6 ||    31
         Punch             |     2 |     4 |     1 ||     7
    Use: Scroll            |       |     6 |       ||     6
         Potion            |       |     1 |       ||     1
   Stab: Sleeping          |    11 |     4 |     3 ||    18
         Distracted        |       |     1 |       ||     1
 Armour: Skin              |     2 |     5 |       ||     7
  Dodge: Dodged            |    22 |    30 |    18 ||    70

Table legend: (Time is in decaauts)
 A = Elapsed time spent in this place.
 B = Non-inter-level travel time spent in this place.
 C = Inter-level travel time spent in this place.
 D = Time resting spent in this place.
 E = Time spent auto-exploring this place.
 F = Levels seen in this place.
 G = Mean time per level.
                   A        B        C        D        E       F      G
               +--------+--------+--------+--------+--------+-----+--------+
         Total |   3665 |   3561 |    104 |     29 |   3075 |   5 |  733.0 |
       Dungeon |   3665 |   3561 |    104 |     29 |   3075 |   5 |  733.0 |
               +--------+--------+--------+--------+--------+-----+--------+

Top non-repeatable levels by time:
     D:4: 1164 daAuts
     D:1: 922 daAuts
     D:2: 749 daAuts
     D:3: 725 daAuts
     D:5: 104 daAuts
